 Dungeon Crawl Stone Soup version 0.24.0-37-gcf1ca852f1 (webtiles) character file.

Game seed: 13081631814786925705, levelgen mode: deterministic

746 grindst0ne the Skirmisher (level 7, -6/55 HPs)
             Began as a Mummy Gladiator on Nov 22, 2019.
             Mangled by Prince Ribbit (11 damage)
             ... on level 5 of the Dungeon.
             The game lasted 00:07:18 (3729 turns).

grindst0ne the Skirmisher (Mummy Gladiator)         Turns: 3729, Time: 00:07:19

Health: -6/55      AC: 14    Str: 19    XL:     7   Next: 48%
Magic:  16/16      EV:  8    Int:  8    God:
Gold:   226        SH:  0    Dex: 13    Spells: 6/6 levels left

rFire    x . .     SeeInvis .   a - +0 war axe
rCold    + . .     Gourm    .   (no shield)
rNeg     + + +     Faith    .   k - +0 chain mail
rPois    ∞         Spirit   .   c - +1 helmet
rElec    .         Reflect  .   o - +2 cloak
rCorr    .         Harm     .   (no gloves)
MR       .....                  (no boots)
Stlth    ..........             (no amulet)
HPRegen  0.18/turn              m - ring of magical power
MPRegen  0.15/turn              n - ring of positive energy

@: no status effects
A: no food or potions, fire vulnerability, cold resistance 1, negative energy
resistance 3, torment resistance, unbreathing
a: no special abilities


You were on level 5 of the Dungeon.
You were not hungry.

You visited 2 branches of the dungeon, and saw 6 of its levels.

You collected 226 gold pieces.

Inventory:

Hand Weapons
 a - a +0 war axe (weapon)
Missiles
 b - 2 javelins (quivered)
Armour
 c - a +1 helmet (worn)
 k - a +0 chain mail (worn)
 o - a +2 cloak (worn)
Jewellery
 m - a ring of magical power (left hand)
 n - a ring of positive energy (right hand)
Scrolls
 e - 2 scrolls of amnesia
 f - a scroll of immolation
 g - 3 scrolls of remove curse
 h - a scroll of fog
 i - a scroll of enchant armour
 j - a scroll of teleportation
 l - a scroll of fear {unknown}
 p - a scroll of blinking


   Skills:
 + Level 4.8 Fighting
 + Level 4.3 Axes
 + Level 3.9 Throwing
 + Level 2.5 Armour
 - Level 2.4 Dodging


You had 6 spell levels left.
You didn't know any spells.
Your spell library was empty.

Dungeon Overview and Level Annotations

Branches:
Dungeon (5/15)             Temple (1/1) D:4

Altars:
Ashenzari
Cheibriados
Elyvilon
Fedhas
Hepliaklqana
Nemelex Xobeh
Okawaru
Ru
Sif Muna
Uskayaw
Wu Jian
Yredelemnul
Zin
The Shining One
Lugonu

Shops:
D:4 %

Annotations:
D:4 Pikel
D:5 Prince Ribbit


Innate Abilities, Weirdness & Mutations

You do not eat or drink.
Your flesh is vulnerable to fire.
You are immune to poison.
Your flesh is cold resistant. (rC+)
You are immune to negative energy. (rN+++)
You are immune to unholy pain and torment.
You can survive without breathing.


Message History

Prince Ribbit hits you.
* * * LOW HITPOINT WARNING * * *
Prince Ribbit catches a millipede with his tongue.
Prince Ribbit barely misses you.
Throwing (i - inventory)
b - 4 javelins (quivered)
Press: ? - help, Shift-Dir - straight line, f - Prince Ribbit
Aim: Prince Ribbit (severely wounded)
You throw a javelin.
The javelin closely misses Prince Ribbit.
Prince Ribbit blinks! x2
Throwing (i - inventory)
b - 3 javelins (quivered)
Press: ? - help, Shift-Dir - straight line, f/p - Prince Ribbit
Aim: Prince Ribbit (severely wounded)
You throw a javelin.
The javelin barely misses Prince Ribbit.
Prince Ribbit croaks regally.
You barely miss Prince Ribbit.
Prince Ribbit is severely wounded.
Prince Ribbit hits you!
You die...

###
.(#
#.#
...
#.#
#F#
#@#
#.#
#§#
#.#
#.#
#.#
#.#
#.#
###
#.#


You could see Prince Ribbit.

Vanquished Creatures
  2 sky beasts (D:5)
  2 slaves (D:4)
  A scorpion (D:4)
  A howler monkey (D:5)
  2 hounds
  A bullfrog zombie (D:5)
  A jelly (D:5)
  Crazy Yiuf (D:3)
  Jessica (D:2)
  An iguana (D:4)
  2 worker ants (D:4)
  4 gnolls
  8 adders
  A shadow imp (D:5)
  2 oozes
  2 worms (D:2)
  7 dart slugs
  3 leopard geckos
  2 orcs
  2 ball pythons
  3 bats (D:1)
  A giant cockroach (D:1)
  8 goblins
  10 hobgoblins
  7 jackals
  3 quokkas
  3 frilled lizards
  10 kobolds
  4 rats
95 creatures vanquished.

Notes
Turn   | Place    | Note
-------+----------+-------------------------------------------
     0 | D:1      | grindst0ne the Mummy Gladiator began the quest for the Orb.
     0 | D:1      | Reached XP level 1. HP: 16/16 MP: 1/1
    58 | D:1      | Reached XP level 2. HP: 14/22 MP: 2/2
   425 | D:1      | Reached XP level 3. HP: 27/28 MP: 3/3
   810 | D:2      | Reached XP level 4. HP: 20/35 MP: 4/4
   934 | D:2      | Found a hazy altar of Hepliaklqana.
  1125 | D:2      | Noticed Jessica
  1130 | D:2      | Killed Jessica
  1320 | D:2      | Reached XP level 5. HP: 27/41 MP: 5/5
  1692 | D:3      | Reached skill level 1 in Armour
  1975 | D:3      | You fall into a shaft and drop 1 floor!
  1998 | D:3      | Found a shattered altar of Ashenzari.
  2000 | D:3      | Found a blossoming altar of Fedhas.
  2058 | D:3      | Found a runed translucent door.
  2059 | D:3      | Noticed Crazy Yiuf
  2071 | D:3      | Killed Crazy Yiuf
  2071 | D:3      | Reached XP level 6. HP: 9/48 MP: 6/6
  2421 | D:4      | Found a white marble altar of Elyvilon.
  2533 | D:4      | Noticed a slave
  2579 | D:4      | Killed a slave
  2789 | D:4      | Found Nuesey's Food Shoppe.
  2799 | D:4      | Found a staircase to the Ecumenical Temple.
  2811 | Temple   | Entered the Ecumenical Temple
  2995 | D:4      | Found an ornate altar of the Wu Jian Council.
  3018 | D:4      | Noticed a slave
  3048 | D:4      | Killed a slave
  3189 | D:4      | Noticed Pikel
  3192 | D:4      | Noticed a slave
  3195 | D:4      | HP: 1/48 [Pikel/+0 whip of electrocution (12)]
  3542 | D:5      | Entered Level 5 of the Dungeon
  3583 | D:5      | Noticed a sky beast
  3607 | D:5      | Killed a sky beast
  3607 | D:5      | Reached XP level 7. HP: 19/55 MP: 7/7
  3703 | D:5      | Noticed Prince Ribbit
  3729 | D:5      | Mangled by Prince Ribbit

Levels and vault maps discovered:
D:1:      matt_arrival_refuge, layout_rooms
D:2:      layout_rooms, nicolae_overflow_crystal_walls, first_ration,
          uniq_jessica
D:3:      kennysheep_six_static_rooms, layout_loops_ring,
          lightli_temple_of_fire, nicolae_overflow_hidden_temple,
          uniq_crazy_yiuf_cottage
D:4:      layout_gridville, elyvilon_altar_5, old_standard_altar,
          minmay_temple_entry_large_hall, serial_shops, shop, uniq_pikel
D:5:      layout_basic, grunt_dithmenos_shadows, cheibrodos_sewer_entry_sluice,
          uniq_prince_ribbit1
Temple:   kb_corrupted_temple

Skill      XL: |  1  2  3  4  5  6 |
---------------+-------------------+-----
Throwing       | 2 3 |  3.9
Axes           | 3 4 |  4.3
Fighting       | 3 4 |  4.8
Armour         | 1 2 |  2.5
Dodging        | |  2.4

Action                   |  1- 3 |  4- 6 |  7- 9 || total
-------------------------+-------+-------+-------++-------
Melee: War axe           |   121 |   238 |    31 ||   390
Throw: Throwing net      |       |       |     3 ||     3
       Javelin           |       |       |     2 ||     2
  Use: Scroll            |       |     8 |       ||     8
Armor: Leather armour    |    33 |     7 |       ||    40
       Chain mail        |       |   144 |    18 ||   162
Dodge: Dodged            |    79 |   128 |    14 ||   221
